 Dungeon Crawl Stone Soup version 0.28-a0-43-g560ac104fe (webtiles) character file.

Game seed: 1738211409625171940

130 snetch the Magician (level 5, 0/35 HPs)
             Began as a Djinni Fire Elementalist on July 28, 2021.
             Slain by Grinder (9 damage)
             ... on level 4 of the Dungeon.
             The game lasted 00:07:01 (2989 turns).

snetch the Magician (Djinni Fire Elementalist)      Turns: 2989, Time: 00:07:02

Health: 0/35       AC:  2    Str:  7    XL:     5   Next: 36%
Gold:   155        EV: 12    Int: 17    God:
                   SH:  0    Dex: 14

rFire   + + .      SeeInvis .   a - +0 falchion
rCold   x . .      Faith    .   (no shield)
rNeg    . . .      Spirit   .   h - +0 robe
rPois   ∞          Reflect  .   (no helmet)
rElec   .          Harm     .   (no cloak)
rCorr   .          Rampage  .   (no gloves)
Will    .....                   (boots unavailable)
Stlth   ++........              (no amulet)
HPRegen 0.11/turn               (no ring)
MPRegen 0.00/turn               (no ring)

@: flying
A: sickness immunity, fire resistance 2, cold vulnerability 1, float, innate
caster, hp casting, extra vitality 1
a: no special abilities


You were on level 4 of the Dungeon.
You visited 1 branch of the dungeon, and saw 4 of its levels.

You collected 155 gold pieces.

Inventory:

Hand Weapons
 a - a +0 falchion (weapon)
 b - a +0 trident
 c - a +0 hand axe
 d - a +0 flail
Missiles
 e - 83 stones
 f - 19 arrows
 k - 2 throwing nets
 o - 11 boomerangs
 p - 27 bolts
 s - 24 sling bullets
Armour
 h - a +0 robe (worn)
Wands
 q - a wand of iceblast (8)
Scrolls
 i - a scroll of noise {unknown}
 l - 2 scrolls of identify {unknown}
 r - a scroll of blinking {unknown}
 u - a scroll of teleportation {unknown}
 w - a scroll of fog {unknown}
Potions
 g - a potion of haste {unknown}
 j - 2 potions of berserk rage {unknown}
 m - a potion of curing {unknown}
 n - a potion of cancellation {unknown}
 t - a potion of heal wounds {unknown}
 v - a potion of lignification {unknown}


   Skills:
 + Level 2.7 Dodging
 + Level 2.3 Stealth
 + Level 3.9 Spellcasting


You couldn't memorise any spells.
You knew the following spells:

 Your Spells              Type           Power      Damage    Failure   Level
a - Foxfire               Conj/Fire      64%        2x1d7     3%          1
b - Conjure Flame         Conj/Fire      16%        6-21      10%         3
c - Inner Flame           Hex/Fire       16%        N/A       10%         3
d - Sticky Flame          Conj/Fire      16%        2d4       30%         4
e - Fireball              Conj/Fire      8%         3d6       65%         5
f - Beastly Appendage     Tmut           32%        N/A       3%          1
g - Static Discharge      Conj/Air       16%        N/A       4%          2
Your spell library was empty.

Dungeon Overview and Level Annotations

Branches:
Dungeon (4/15)
 Temple: D:4-7

Altars:

Annotations:
D:4 Grinder


Innate Abilities, Weirdness & Mutations

You are immune to sickness and miasma.
You are immune to poison.
Your flesh is very heat resistant. (rF++)
You are vulnerable to cold. (rC-)
You float through the air rather than walking.
You learn spells naturally, not from books.
Your magical power is your life essence.
You have superior vitality. (+4 HP)


Message History

There is a stone staircase leading up here.
Found 12 stones and a ring mail.
u - a scroll labelled VUMYTZ KEIRCH
There is a stone staircase leading up here.
v - a smoky silvery potion
w - a scroll labelled OROISCH SEIPHONNIX
Found a leather armour and a metallic silvery potion.
Grinder comes into view.
Grinder shouts!
Found a stone staircase leading down.
Grinder gestures at you.
You struggle to resist.
You see here 12 stones.
You conjure some foxfire!
You conjure some foxfire!
The foxfire hits Grinder.
Grinder is lightly wounded.
The foxfire hits Grinder.
Grinder is lightly wounded.
The foxfire hits Grinder.
Grinder is moderately wounded.
You conjure some foxfire!
There is not enough space to conjure foxfire!
There is not enough space to conjure foxfire!
You closely miss Grinder.
Grinder is moderately wounded.
The foxfire hits Grinder but does no damage.
Grinder is moderately wounded.
The foxfire hits Grinder.
Grinder is moderately wounded.
Grinder hits you!
You writhe in agony.
You conjure some foxfire!
Grinder hits you.
You writhe in agony.
* * * LOW HITPOINT WARNING * * *
You barely miss Grinder.
Grinder is moderately wounded.
The foxfire hits Grinder.
Grinder is heavily wounded.
The foxfire hits Grinder.
Grinder is heavily wounded.
Grinder hits you!
You die...

#####..>.
#..!..#.#
###.......#
..[[.....#
###.......#
.........#####
#5.........###
#@...........
######.......#
#............#
#............#
#........<...#
#............#
#.......######
#.......#
#########


You could see Grinder.

Vanquished Creatures
  An iguana (D:2)
  6 gnolls
  An adder (D:2)
  2 worms (D:2)
  A dart slug (D:3)
  2 endoplasms
  A giant cockroach (D:1)
  A hobgoblin (D:2)
  A kobold (D:1)
  A quokka (D:1)
  2 ball pythons
  3 bats
  A frilled lizard (D:3)
  7 goblins
  6 rats
36 creatures vanquished.

Vanquished Creatures (others)
  154 foxfires
154 creatures vanquished.

Grand Total: 190 creatures vanquished

Notes
Turn   | Place    | Note
-------+----------+-------------------------------------------
     0 | D:1      | snetch the Djinni Fire Elementalist began the quest for the
                  | Orb.
     0 | D:1      | Reached XP level 1. HP: 15/15 MP: 0/0
   214 | D:1      | Reached XP level 2. HP: 8/21 MP: 0/0
  1128 | D:1      | Reached XP level 3. HP: 22/25 MP: 0/0
  1128 | D:1      | Learned a level 1 spell: Beastly Appendage
  1129 | D:1      | Reached skill level 3 in Spellcasting
  1511 | D:2      | Reached XP level 4. HP: 17/31 MP: 0/0
  2165 | D:2      | Reached XP level 5. HP: 34/35 MP: 0/0
  2165 | D:2      | Learned a level 2 spell: Static Discharge
  2981 | D:4      | Noticed Grinder
  2989 | D:4      | Slain by Grinder

Illustrated notes

Levels and vault maps discovered:
D:1:      psy_arrival_dodecagon, layout_basic
D:2:      layout_basic
D:3:      layout_basic, ebering_ecumenical_altar_rust, st_stairs_3
D:4:      minmay_goblin_kobold_castle, layout_basic,
          nicolae_overflow_hidden_temple, minmay_hedge_maze, uniq_grinder

Skill      XL: |  1  2  3 |
---------------+----------+-----
Spellcasting   | 3 |  3.9
Stealth        | 2 |  2.3
Dodging        | |  2.7

Action                   |  1- 3 |  4- 6 || total
-------------------------+-------+-------++-------
Melee: Falchion          |       |     3 ||     3
 Cast: Foxfire           |    43 |    56 ||    99
Armor: Robe              |     1 |     1 ||     2
Dodge: Dodged            |       |     1 ||     1

Table legend: (Time is in decaauts)
 A = Elapsed time spent in this place.
 B = Non-inter-level travel time spent in this place.
 C = Inter-level travel time spent in this place.
 D = Time resting spent in this place.
 E = Time spent auto-exploring this place.
 F = Levels seen in this place.
 G = Mean time per level.
                   A        B        C        D        E       F      G
               +--------+--------+--------+--------+--------+-----+--------+
         Total |   2996 |   2951 |     45 |    419 |   1946 |   4 |  749.0 |
       Dungeon |   2996 |   2951 |     45 |    419 |   1946 |   4 |  749.0 |
               +--------+--------+--------+--------+--------+-----+--------+

Top non-repeatable levels by time:
     D:2: 1332 daAuts
     D:1: 1287 daAuts
     D:3: 332 daAuts
     D:4: 43 daAuts
